 Dungeon Crawl Stone Soup version 0.28.0-45-g0d030f2227 (webtiles) character file.

Game seed: 612716741051886196

1012 seaoflcl the Slasher (level 8, -1/61 HPs)
             Began as a Human Fighter on Apr 10, 2022.
             Was a Priest of Nemelex Xobeh.
             Slain by a spriggan (6 damage)
             ... on level 5 of the Dungeon.
             The game lasted 00:11:03 (6215 turns).

seaoflcl the Slasher (Human Fighter)                Turns: 6215, Time: 00:11:03

Health: -1/61      AC:  9    Str: 19    XL:     8   Next: 45%
Magic:  0/8        EV: 10    Int:  9    God:    Nemelex Xobeh [***...]
Gold:   154        SH:  0    Dex: 12    Spells: 7/7 levels left

rFire   + . .      SeeInvis .   a - +0 long sword
rCold   x . .      Faith    .   c - +0 buckler
rNeg    . . .      Spirit   +   b - +0 scale mail
rPois   .          Reflect  .   (no helmet)
rElec   .          Harm     .   (no cloak)
rCorr   .          Rampage  .   (no gloves)
Will    .....                   u - +1 pair of boots
Stlth   ..........              h - amulet of guardian spirit
HPRegen 0.20/turn               e - ring of fire
MPRegen 0.11/turn               f - ring of wizardry

@: confused
A: no striking features
a: Renounce Religion, Draw Escape, Draw Destruction, Draw Summoning, Triple Draw


You were on level 5 of the Dungeon.
You worshipped Nemelex Xobeh.
Nemelex Xobeh was most pleased with you.
You visited 1 branch of the dungeon, and saw 5 of its levels.

You collected 154 gold pieces.

Inventory:

Hand Weapons
 a - a +0 long sword (weapon)
 q - a +0 hunting sling
Missiles
 s - 52 sling bullets
Armour
 b - a +0 scale mail (worn)
 c - a +0 buckler (worn)
 u - a +1 pair of boots (worn)
Magical Staves
 p - a staff of death
Jewellery
 e - a ring of fire (left hand)
 f - a ring of wizardry (right hand)
 h - an amulet of guardian spirit (around neck)
 i - a ring of fire
Wands
 r - a wand of iceblast (11)
Scrolls
 d - a scroll of fog {unknown}
 g - a scroll of fear {unknown}
 k - a scroll of noise {unknown}
 l - a scroll of identify {unknown}
 v - a scroll of amnesia {unknown}
Potions
 j - a potion of mutation {unknown}
 m - 2 potions of degeneration {unknown}
 n - 2 potions of curing {unknown}
 o - a potion of magic {unknown}
 t - 2 potions of attraction {unknown}
 w - a potion of lignification {unknown}


   Skills:
 + Level 4.9 Fighting
 + Level 5.9 Long Blades
 + Level 0.1 Slings
 + Level 5.4 Armour
 + Level 3.0 Dodging
 + Level 0.6 Stealth
 + Level 3.8 Shields


You had 7 spell levels left.
You didn't know any spells.
Your spell library contained the following spells:

 Spells                   Type           Power      Damage    Failure   Level
 Animate Skeleton         Necr           0%         N/A       50%         1
 Beastly Appendage        Tmut           0%         N/A       50%         1
 Pain                     Necr           0%         1d4       50%         1
 Wereblood                Tmut           0%         N/A       63%         2
 Spider Form              Tmut/Pois      0%         N/A       85%         3
 Vampiric Draining        Necr           0%         2d6       85%         3


Dungeon Overview and Level Annotations

Branches:
Dungeon (5/15)             Temple (0/1) D:4

Altars:
Ashenzari
Elyvilon
Makhleb
Nemelex Xobeh
Qazlal
Sif Muna
Wu Jian

Shops:
D:5 *


Message History

* * * LOW HITPOINT WARNING * * *
Unknown command.
Unknown command.
You are too confused!
You are too confused!
You bump into the rock wall.
The ice encasing you melts away.
The rime drake bites you but does no damage.
The spriggan hits you but does no damage.
The queen bee stings you.
* * * LOW HITPOINT WARNING * * *
Unknown command.
Okay, then.
You don't know any spells.
The rime drake bites you but does no damage.
The queen bee barely misses you.
You bump into the rock wall.
The golden eye blinks at you.
You are more confused.
The rime drake barely misses you. The queen bee barely misses you.
Unknown command.
You're too confused to move!
The rime drake misses you. The golden eye blinks at you.
You resist with some effort.
The spriggan hits you but does no damage.
The rime drake bites you but does no damage.
You miss the golden eye.
The golden eye is severely wounded.
The rime drake bites you but does no damage.
The spriggan barely misses you. The rime drake closely misses you.
The spriggan hits you but does no damage.
You barely miss the golden eye.
The golden eye is severely wounded.
The rime drake bites you but does no damage.
The spriggan barely misses you. The queen bee barely misses you.
The golden eye blinks at you.
You are more confused.
You're too confused to move!
The spriggan hits you!
You die...
Your body disappears without a glow.

#...∩........# ##.##
#.#...####..## #..# #.##.##
#.†## #.†# #.##.# #..# #..##
###.##.# #..# ##..# #.#....#
##..# ##... #..#..####Gk.##
##....
#.<#.#.#.i.y..########.....
#.##....#..@..........[.....
# #.....###...............[.
.......#<...##.............
#..######....####..........#
##. ......## ###........# ##
.......# ##.......#
........# #........
.....#... #........
...####..# ##.......


You could see a queen bee (misshapen), a rime drake (misshapen), a spriggan
(misshapen) and a golden eye (misshapen).

Vanquished Creatures
  2 yaks (D:5)
  A steam dragon (D:5)
  A necrophage (D:5)
  A phantom (D:4)
  A scorpion (D:5)
  2 water moccasin skeletons
  An orc priest (D:4)
  Ijyb (D:4)
  An iguana (D:5)
  An orc wizard (D:3)
  A gnoll (D:1)
  6 adders
  A white imp (D:5)
  2 ufetubi
  An adder skeleton (D:5)
  2 worms
  2 dart slugs
  10 orcs
  7 ball pythons
  8 endoplasms
  2 giant cockroaches (D:1)
  10 goblins
  7 hobgoblins
  2 jackals (D:1)
  3 kobolds
  5 quokkas
  6 bats
  5 frilled lizards
  4 rats
96 creatures vanquished.

Notes
Turn   | Place    | Note
-------+----------+-------------------------------------------
     0 | D:1      | seaoflcl the Human Fighter began the quest for the Orb.
     0 | D:1      | Reached XP level 1. HP: 18/18 MP: 1/1
   113 | D:1      | Reached XP level 2. HP: 9/24 MP: 2/2
   453 | D:1      | Reached XP level 3. HP: 29/29 MP: 3/3
   902 | D:1      | Found a faded altar of an unknown god.
  1270 | D:1      | Prayed at the altar of an unknown god.
  1270 | D:1      | Became a worshipper of Nemelex Xobeh the Trickster
  1270 | D:1      | Reached * piety under Nemelex Xobeh
  1682 | D:2      | Reached XP level 4. HP: 37/37 MP: 4/4
  2106 | D:2      | Received a gift from Nemelex Xobeh
  2981 | D:3      | Reached ** piety under Nemelex Xobeh
  2995 | D:3      | Reached XP level 5. HP: 42/42 MP: 5/5
  3323 | D:3      | Reached XP level 6. HP: 28/48 MP: 4/6
  3506 | D:3      | Found a stormy altar of Qazlal.
  3511 | D:3      | Found an ornate altar of the Wu Jian Council.
  3516 | D:3      | Found a broken altar of Ashenzari.
  3518 | D:3      | Found a burning altar of Makhleb.
  3529 | D:3      | Found a white marble altar of Elyvilon.
  3604 | D:3      | Reached skill level 1 in Dodging
  4140 | D:4      | Found a staircase to the Ecumenical Temple.
  4207 | D:4      | Received a gift from Nemelex Xobeh
  4777 | D:4      | Noticed Ijyb
  4781 | D:4      | Paralysed by Ijyb for 2 turns
  4798 | D:4      | Killed Ijyb
  4868 | D:4      | Found a shimmering blue altar of Sif Muna.
  5263 | D:5      | Entered Level 5 of the Dungeon
  5269 | D:5      | Found Ozxy's Gadget Gallery.
  5315 | D:5      | Reached XP level 7. HP: 50/54 MP: 7/7
  5315 | D:5      | Noticed a steam dragon
  5356 | D:5      | Killed a steam dragon
  5619 | D:5      | Reached skill level 5 in Long Blades
  5851 | D:5      | Reached *** piety under Nemelex Xobeh
  5984 | D:5      | Reached XP level 8. HP: 58/61 MP: 6/8
  6049 | D:5      | Received a gift from Nemelex Xobeh
  6140 | D:5      | Noticed a yak
  6143 | D:5      | Noticed a yak
  6144 | D:5      | Killed a yak
  6145 | D:5      | Reached skill level 5 in Armour
  6150 | D:5      | Noticed a yak
  6150 | D:5      | Noticed a yak
  6150 | D:5      | Noticed a yak
  6158 | D:5      | Noticed a yak
  6195 | D:5      | Killed a yak
  6196 | D:5      | a yak changed into a golden eye
  6196 | D:5      | Noticed a queen bee
  6196 | D:5      | a yak changed into a queen bee
  6196 | D:5      | Noticed a spriggan
  6196 | D:5      | a yak changed into a spriggan
  6196 | D:5      | Noticed a rime drake
  6196 | D:5      | a yak changed into a rime drake
  6206 | D:5      | HP: 3/61 [queen bee (3)]
  6215 | D:5      | Slain by a spriggan

Illustrated notes

Levels and vault maps discovered:
D:1:      lemuel_arrival_lava_pool, layout_loops_ring,
          chequers_ecumenical_altar_grove, kennysheep_flooded_box
D:2:      layout_basic, minmay_pentomino_t4
D:3:      layout_loops_corners, nicolae_overflow_hallway_of_the_gods,
          chequers_mini_garden, kennysheep_another_room, kennysheep_nub,
          grunt_ministairs_4
D:4:      layout_loops_corners, mainiacjoe_overflow_24_doors,
          minmay_temple_entry_trees, uniq_ijyb
D:5:      layout_layer_cave, nemelex_diamond_rough_becter, serial_shops, shop,
          nicolae_shop_gadgets

Skill      XL: |  1  2  3  4  5  6  7  8 |
---------------+-------------------------+-----
Fighting       | 4 |  4.9
Long Blades    | 3 4 5 |  5.9
Dodging        | 1 2 3 |  3.0
Armour         | 4 5 |  5.4
Slings         | |  0.1
Stealth        | |  0.6
Shields        | |  3.8

Action                   |  1- 3 |  4- 6 |  7- 9 || total
-------------------------+-------+-------+-------++-------
Melee: Long sword        |    77 |   241 |    71 ||   389
 Fire: Hunting sling     |       |     4 |       ||     4
Invok: Draw Destruction  |       |       |     8 ||     8
       Draw Escape       |       |       |     1 ||     1
  Use: Potion            |       |     1 |       ||     1
Armor: Scale mail        |    35 |    98 |    36 ||   169
Dodge: Dodged            |    31 |   111 |    38 ||   180
Block: Buckler           |    24 |    55 |    15 ||    94
